 Dungeon Crawl Stone Soup version 0.27.1-16-g815e20cd7a (webtiles) character file.

Game seed: 3186428560135438252

719 TheCrusader the Covert (level 7, -2/60 HPs)
             Began as a Gnoll Delver on Nov 24, 2021.
             Was an Elder of Cheibriados.
             Slain by an orc warrior (16 damage)
             ... on level 5 of the Dungeon.
             The game lasted 00:27:44 (5579 turns).

TheCrusader the Covert (Gnoll Delver)               Turns: 5579, Time: 00:27:45

Health: -2/60      AC: 11    Str: 22    XL:     7   Next: 70%
Magic:  8/11       EV: 11    Int: 19    God:    Cheibriados [****..]
Gold:   130        SH:  0    Dex: 22    Spells: 11/11 levels left

rFire    . . .     SeeInvis .   a - +10 morningstar "Eos" {elec, Halo rElec}
rCold    + . .     Faith    .   (no shield)
rNeg     . . .     Spirit   .   m - +0 chain mail
rPois    .         Reflect  .   (no helmet)
rElec    +         Harm     .   i - +0 cloak
rCorr    .         Rampage  .   (no gloves)
Will     .....                  f - +0 pair of boots
Stlth    +.........             l - amulet of the acrobat
HPRegen  0.20/turn              r - ring of flight
MPRegen  0.12/turn              v - ring of protection from cold

@: flying, glowing, very slow
A: fangs 1, strong nose, distributed training
a: Renounce Religion, Bend Time, Temporal Distortion, Slouch


You were on level 5 of the Dungeon.
You worshipped Cheibriados.
Cheibriados was greatly pleased with you.
You visited 2 branches of the dungeon, and saw 7 of its levels.

You collected 130 gold pieces.

Inventory:

Hand Weapons
 a - the +10 morningstar "Eos" (weapon) {elec, Halo rElec}
   (You found it on level 4 of the Dungeon)

   It occasionally discharges a powerful burst of electricity upon striking a
   foe.
   It grants its wielder a halo, increasing accuracy against those within it.
   rElec:     It insulates you from electricity.
 b - the +11 hand axe of the Lost Visionaries {flame, +Rage rElec Str+3 Int-3}
   (You found it on level 4 of the Dungeon)

   It burns those it strikes, dealing additional fire damage.
   Big, fiery blades are also staple armaments of hydra-hunters.
   Str:       It affects your strength (+3).
   Int:       It affects your intelligence (-3).
   rElec:     It insulates you from electricity.
   +Rage:     It lets you go berserk.
Missiles
 y - a throwing net (quivered)
Armour
 f - a +0 pair of boots (worn)
 i - a +0 cloak (worn)
 m - a +0 chain mail (worn)
Jewellery
 l - an amulet of the acrobat (around neck)
 r - a ring of flight (left hand)
 v - a ring of protection from cold (right hand)
Wands
 g - a wand of digging (3)
 w - a wand of mindburst (7)
Scrolls
 c - 5 scrolls of fog
 d - 2 scrolls of magic mapping
 e - a scroll of fear
 h - 3 scrolls of teleportation {unknown}
 j - a scroll of blinking {unknown}
 n - a scroll of identify {unknown}
 s - a scroll of amnesia {unknown}
 x - a scroll of enchant weapon {unknown}
Potions
 k - a potion of degeneration {unknown}
 o - 2 potions of mutation {unknown}
 p - 3 potions of magic {unknown}
 q - a potion of cancellation {unknown}
 t - a potion of might {unknown}


   Skills:
 + Level 7.1 Fighting
 + Level 2.6 Short Blades
 + Level 2.6 Long Blades
 + Level 5.3 Axes
 + Level 2.6 Maces & Flails
 + Level 2.6 Polearms
 + Level 2.6 Staves
 + Level 2.6 Slings
 + Level 2.6 Bows
 + Level 2.6 Crossbows
 + Level 2.6 Throwing
 + Level 2.6 Armour
 + Level 5.3 Dodging
 + Level 9.9 Stealth
 + Level 2.6 Shields
 + Level 2.6 Unarmed Combat
 + Level 2.6 Spellcasting
 + Level 2.1 Conjurations
 + Level 2.1 Hexes
 + Level 2.1 Summonings
 + Level 2.1 Necromancy
 + Level 2.1 Translocations
 + Level 2.1 Transmutations
 + Level 2.1 Fire Magic
 + Level 2.1 Ice Magic
 + Level 2.1 Air Magic
 + Level 2.1 Earth Magic
 + Level 2.1 Poison Magic
 + Level 3.0 Invocations
 + Level 2.6 Evocations


You had 11 spell levels left.
You didn't know any spells.
Your spell library contained the following spells:

 Spells                   Type           Power      Damage    Failure   Level
 Beastly Appendage        Tmut           20%        N/A       50%         1
 Corpse Rot               Necr/Air       N/A        N/A       65%         2
 Poisonous Vapours        Pois/Air       20%        N/A       65%         2
 Wereblood                Tmut           10%        N/A       65%         2
 Conjure Flame            Conj/Fire      10%        6-21      86%         3
 Ignite Poison            Fire/Tmut/Pois 10%        N/A       86%         3
 Spider Form              Tmut/Pois      5%         N/A       86%         3
 Sticky Flame             Conj/Fire      10%        2d3       99%         4
 Alistair's Intoxication  Tmut/Pois      6%         N/A       100%        5
 Borgnjor's Vile Clutch   Necr/Erth      5%         N/A       100%        5
 Freezing Cloud           Conj/Ice/Air   5%         6-21      100%        5
 Eringya's Noxious Bog    Tmut/Pois      5%         N/A       100%        6
 Chain Lightning          Conj/Air       5%         3d6       100%        9
 Fire Storm               Conj/Fire      5%         8d1       100%        9


Dungeon Overview and Level Annotations

Branches:
Dungeon (6/15)             Temple (1/1) D:4

Altars:
Ashenzari
Cheibriados
Dithmenos
Elyvilon
Fedhas
Gozag
Hepliaklqana
Kikubaaqudgha
Makhleb
Nemelex Xobeh
Okawaru
Qazlal
Ru
Sif Muna
Trog
Uskayaw
Vehumet
Wu Jian
Xom
Yredelemnul
Zin
The Shining One

Shops:
D:1 *


Innate Abilities, Weirdness & Mutations

You have very sharp teeth.
Your uncanny sense of smell can sniff out nearby items.
Your experience applies equally to all skills.


Message History

You are too injured to fight recklessly!
It was a potion of curing.
You feel better.
The orc priest shouts!
The orc priest miscasts a cantrip.
The orc warrior drinks a potion.
The orc warrior seems to speed up.
You hit the orc warrior but do no damage.
The orc warrior is lightly wounded.
The orc warrior hits you with a +0 battleaxe!
* * * LOW HITPOINT WARNING * * *
The orc priest calls upon Beogh to heal the orc warrior.
The orc warrior's wounds heal themselves!
The orc warrior hits you with a +0 battleaxe.
* * * LOW HITPOINT WARNING * * *
You fail to use your ability.
The orc priest looks satisfied for a moment.
The orc warrior hits you but does no damage.
You hit the orc warrior. You burn the orc warrior.
The orc warrior is moderately wounded.
The orc warrior hits you with a +0 battleaxe!
* * * LOW HITPOINT WARNING * * *
The orc priest miscasts a cantrip.
The orc warrior hits you with a +0 battleaxe.
* * * LOW HITPOINT WARNING * * *
The flow of time bends around you.
Cheibriados rebukes the orc priest.
The orc priest seems to slow down.
The orc warrior resists with some effort.
Cheibriados lowers the support of your attributes as your movement quickens.
The orc warrior hits you with a +0 battleaxe.
* * * LOW HITPOINT WARNING * * *
An orc comes into view. It is wielding a +0 whip.
The orc warrior misses you. The orc warrior completely misses you.
You feel better. The orc warrior misses you.
You are too injured to fight recklessly!
Okay, then.
The +11 hand axe of the Lost Visionaries {flame, +Rage rElec Str+3 Int-3} stops flaming.
You hear the crackle of electricity.
a - the +10 morningstar "Eos" (weapon)
{elec, Halo rElec} The orc warrior hits you with a +0 battleaxe!
You die...

.. . .## ... #o#
##.####.# ......oo# #.
#o# # ####.####@# #
........#.###..# #
#...........#
####.#.###..# #.#.# #
####.#.. ##.##.#####.#
##########............
............##......##


You could see an orc warrior (fast), 2 orc priests and an orc.

Vanquished Creatures
  Eustachio (D:4)
  3 scorpions (D:5)
  A centaur zombie (D:5)
  Crazy Yiuf (D:4)
  A jelly (D:5)
  2 iguanas (D:5)
  A hound skeleton (D:4)
  Robin (D:3)
  13 adders
  3 worms
  6 dart slugs
  An orc (D:3)
  16 endoplasms
  3 giant cockroaches
  13 goblins
  7 hobgoblins
  3 jackals (D:3)
  5 quokkas
  8 ball pythons
  9 bats
  12 frilled lizards
  7 kobolds
  6 rats
123 creatures vanquished.

Vanquished Creatures (others)
  5 fungi (D:5)
5 creatures vanquished.

Grand Total: 128 creatures vanquished

Notes
Turn   | Place    | Note
-------+----------+-------------------------------------------
     0 | D:5      | Reached skill level 9 in Stealth
     0 | D:5      | TheCrusader the Gnoll Delver began the quest for the Orb.
     0 | D:5      | Reached XP level 1. HP: 23/23 MP: 1/1
     2 | D:5      | Found an opulent altar of Gozag.
     4 | D:5      | Noticed an ogre
    11 | D:5      | Noticed an orc priest
    13 | D:5      | Noticed an orc priest
    15 | D:5      | Noticed an orc warrior
    15 | D:5      | Noticed an iguana
    55 | D:5      | Noticed a jelly
    73 | D:5      | Noticed an iguana
   106 | D:4      | Found a staircase to the Ecumenical Temple.
   112 | Temple   | Entered the Ecumenical Temple
   182 | Temple   | Became a worshipper of Cheibriados the Contemplative
   468 | D:3      | Reached XP level 2. HP: 23/29 MP: 2/2
   718 | D:3      | Noticed Robin
   734 | D:3      | Killed Robin
   735 | D:3      | Reached XP level 3. HP: 19/35 MP: 3/3
   735 | D:3      | Reached * piety under Cheibriados
   789 | D:3      | Reached skill level 1 in Invocations
  1146 | D:2      | Reached skill level 1 in Short Blades
  1146 | D:2      | Reached skill level 1 in Long Blades
  1146 | D:2      | Reached skill level 1 in Maces & Flails
  1146 | D:2      | Reached skill level 1 in Polearms
  1146 | D:2      | Reached skill level 1 in Staves
  1146 | D:2      | Reached skill level 1 in Slings
  1146 | D:2      | Reached skill level 1 in Bows
  1146 | D:2      | Reached skill level 1 in Crossbows
  1146 | D:2      | Reached skill level 1 in Throwing
  1146 | D:2      | Reached skill level 1 in Armour
  1146 | D:2      | Reached skill level 1 in Shields
  1146 | D:2      | Reached skill level 1 in Unarmed Combat
  1146 | D:2      | Reached skill level 1 in Spellcasting
  1146 | D:2      | Reached skill level 1 in Evocations
  1168 | D:2      | Reached XP level 4. HP: 22/41 MP: 5/5
  1834 | D:1      | Found a faded altar of an unknown god.
  1853 | D:1      | Reached skill level 1 in Conjurations
  1853 | D:1      | Reached skill level 1 in Hexes
  1853 | D:1      | Reached skill level 1 in Summonings
  1853 | D:1      | Reached skill level 1 in Necromancy
  1853 | D:1      | Reached skill level 1 in Translocations
  1853 | D:1      | Reached skill level 1 in Transmutations
  1853 | D:1      | Reached skill level 1 in Fire Magic
  1853 | D:1      | Reached skill level 1 in Ice Magic
  1853 | D:1      | Reached skill level 1 in Air Magic
  1853 | D:1      | Reached skill level 1 in Earth Magic
  1853 | D:1      | Reached skill level 1 in Poison Magic
  1878 | D:1      | Reached ** piety under Cheibriados
  1972 | D:1      | Found Oquerij's General Store.
  2559 | D:2      | Reached XP level 5. HP: 47/47 MP: 6/6
  2633 | D:2      | Reached *** piety under Cheibriados
  3624 | D:3      | Found a shimmering altar of Xom.
  4019 | D:4      | Found a glowing golden altar of the Shining One.
  4019 | D:4      | Found a sacrificial altar of Ru.
  4019 | D:4      | Found a stormy altar of Qazlal.
  4019 | D:4      | Found a hide-covered altar of Uskayaw.
  4206 | D:4      | Noticed Eustachio
  4216 | D:4      | Killed Eustachio
  4217 | D:4      | Reached skill level 5 in Axes
  4217 | D:4      | Reached skill level 5 in Dodging
  4217 | D:4      | Reached XP level 6. HP: 53/53 MP: 7/9
  4514 | D:4      | Identified the +11 hand axe of the Lost Visionaries {flame,
                  | +Rage rElec Str+3 Int-3}
  4540 | D:4      | Found the +10 morningstar "Eos" {elec, Halo rElec}
  4714 | D:4      | Found a runed translucent door.
  4715 | D:4      | Noticed Crazy Yiuf
  4964 | D:4      | Killed Crazy Yiuf
  5188 | D:5      | Reached XP level 7. HP: 59/59 MP: 10/10
  5221 | D:5      | Reached **** piety under Cheibriados
  5579 | D:5      | Slain by an orc warrior

Illustrated notes

Levels and vault maps discovered:
D:1:      mushboom_english_gardens, layout_loops_ring, basic_ecumenical_altar,
          serial_shops, nicolae_shop_statue_plus, corexii_corridor_pit,
          dk_noncrumbling_3
D:2:      layout_basic, minmay_tromino_v4_a
D:3:      layout_basic, xom_teletrap_fun, minivault_19, due_unseen_surprise,
          uniq_robin
D:4:      layout_loops_corners, chequers_temple_overflow_statue_of_worship,
          minmay_temple_entry_enclosed_plants, uniq_crazy_yiuf_cottage,
          uniq_eustachio
D:5:      old_forge, layout_loops_ring, nicolae_overflow_hidden_temple
D:6:      layout_basic, gup_sewer_entry_glass, chequers_arboretum, uniq_menkaure
Temple:   nicolae_temple_great_sept

Skill      XL: |  1  2  3  4  5  6  7 |
---------------+----------------------+-----
Stealth        | |  9.9
Invocations    | 1 2 3 |  3.0
Short Blades   | 1 2 |  2.6
Long Blades    | 1 2 |  2.6
Maces & Flails | 1 2 |  2.6
Polearms       | 1 2 |  2.6
Staves         | 1 2 |  2.6
Slings         | 1 2 |  2.6
Bows           | 1 2 |  2.6
Crossbows      | 1 2 |  2.6
Throwing       | 1 2 |  2.6
Armour         | 1 2 |  2.6
Shields        | 1 2 |  2.6
Unarmed Combat | 1 2 |  2.6
Spellcasting   | 1 2 |  2.6
Evocations     | 1 2 |  2.6
Conjurations   | 1 2 |  2.1
Hexes          | 1 2 |  2.1
Summonings     | 1 2 |  2.1
Necromancy     | 1 2 |  2.1
Translocations | 1 2 |  2.1
Transmutations | 1 2 |  2.1
Fire Magic     | 1 2 |  2.1
Ice Magic      | 1 2 |  2.1
Air Magic      | 1 2 |  2.1
Earth Magic    | 1 2 |  2.1
Poison Magic   | 1 2 |  2.1
Axes           | 5 |  5.3
Dodging        | 5 |  5.3
Fighting       | 7 |  7.1

Action                   |  1- 3 |  4- 6 |  7- 9 || total
-------------------------+-------+-------+-------++-------
Melee: Hand axe          |    85 |   261 |    31 ||   377
       Bite              |     9 |    35 |     6 ||    50
       Punch             |     1 |     1 |     1 ||     3
       Unarmed           |       |     1 |       ||     1
Invok: Bend Time         |       |       |     1 ||     1
Evoke: Wand              |       |     4 |       ||     4
  Use: Potion            |       |     1 |     2 ||     3
       Scroll            |       |     1 |       ||     1
 Stab: Sleeping          |     2 |    12 |       ||    14
       Distracted        |       |       |     1 ||     1
Armor: Leather armour    |    29 |     5 |       ||    34
       Chain mail        |       |    97 |    14 ||   111
Dodge: Dodged            |    57 |   161 |    27 ||   245
